 Dungeon Crawl Stone Soup version 0.27.1-3-gb3d3a73c9e (webtiles) character file.

Game seed: 3964984926326000243

15932 raph the Impaler (level 12, -4/93 HPs)
             Began as a Merfolk Gladiator on Oct 15, 2021.
             Was a High Priest of the Shining One.
             Slain by an ettin (16 damage)
             ... on level 11 of the Dungeon.
             The game lasted 00:34:51 (17739 turns).

raph the Impaler (Merfolk Gladiator)               Turns: 17739, Time: 00:34:52

Health: -4/93      AC: 12    Str: 14    XL:     12   Next: 32%
Magic:  11/17      EV: 23    Int:  9    God:    the Shining One [*****.]
Gold:   39         SH:  9    Dex: 22    Spells: 11/11 levels left

rFire    + . .     SeeInvis +   a - +3 glaive (freeze)
rCold    + . .     Faith    +   (shield currently unavailable)
rNeg     + + .     Spirit   .   s - +1 leather armour {rF+}
rPois    .         Reflect  .   F - +1 helmet {SInv}
rElec    .         Harm     .   L - +2 cloak
rCorr    .         Rampage  .   N - +2 pair of gloves {Dex+3}
Will     .....                  (no boots)
Stlth    ++........             n - amulet of faith
HPRegen  0.25/turn              f - ring of protection from cold
MPRegen  0.15/turn              G - +4 ring of evasion

@: divinely shielded, about to teleport, glowing, studying Stealth
A: (nimble swimmer 2), mertail
a: Renounce Religion, Divine Shield, Cleansing Flame, Summon Divine Warrior


You were on level 11 of the Dungeon.
You worshipped the Shining One.
The Shining One was extremely pleased with you.
You visited 1 branch of the dungeon, and saw 11 of its levels.
You also visited: Sewer and Bailey.

You collected 1063 gold pieces.
You spent 1024 gold pieces at shops.

Inventory:

Hand Weapons
 a - a +3 glaive of freezing (weapon)
 b - a +0 trident of freezing
 r - a +0 halberd
 v - a +0 spear
 B - a +0 glaive
 J - a +0 glaive
Missiles
 j - 78 poisoned darts (quivered)
 o - 8 throwing nets
 C - 4 atropa-tipped darts
 R - 20 boomerangs
 S - 5 silver boomerangs
Armour
 c - a +1 helmet
 k - a +1 pair of gloves
 q - a +2 hat of willpower
 s - a +1 leather armour of fire resistance (worn)
 y - a +1 cloak
 A - a +0 leather armour
 F - a +1 helmet of see invisible (worn)
 L - a +2 cloak (worn)
 N - a +2 pair of gloves of dexterity (worn)
Jewellery
 f - a ring of protection from cold (left hand)
 h - an amulet of magic regeneration
 n - an amulet of faith (around neck)
 w - an amulet of reflection
 x - a ring of ice
 G - a +4 ring of evasion (right hand)
Wands
 K - a wand of polymorph (12)
 U - a wand of iceblast (10)
Scrolls
 z - 4 scrolls of immolation
 O - a scroll of magic mapping
 Q - 2 scrolls of identify
 T - a scroll of fear
Potions
 e - 2 potions of brilliance
 g - 3 potions of flight {unknown}
 i - 2 potions of haste
 l - 3 potions of lignification {unknown}
 m - a potion of curing
 p - 2 potions of degeneration {unknown}
 t - a potion of resistance {unknown}
 u - 2 potions of might
 H - 3 potions of heal wounds {unknown}
 I - a potion of mutation {unknown}
 M - a potion of ambrosia {unknown}
 P - a potion of attraction {unknown}
Miscellaneous
 D - a lightning rod (2/4)
 E - a tin of tremorstones (2/2)


   Skills:
 + Level 8.2 Fighting
 * Level 17.5 Polearms
 - Level 3.6 Throwing
 - Level 3.6 Armour
 + Level 10.3 Dodging
 + Level 9.4 Stealth
 + Level 7.8 Invocations


You had 11 spell levels left.
You didn't know any spells.
Your spell library contained the following spells:

 Spells                   Type           Power      Damage    Failure   Level
 Sting                    Tmut/Pois      0%         1d3       45%         1
 Ensorcelled Hibernation  Hex/Ice        0%         N/A       58%         2
 Passwall                 Tmut/Erth      0%         N/A       58%         2
 Poisonous Vapours        Pois/Air       0%         N/A       58%         2
 Sublimation of Blood     Necr           0%         N/A       58%         2
 Wereblood                Tmut           0%         N/A       58%         2
 Call Canine Familiar     Summ           0%         N/A       83%         3
 Dazzling Flash           Conj/Hex       0%         N/A       83%         3
 Gell's Gravitas          Tloc           0%         N/A       83%         3
 Portal Projectile        Hex/Tloc       0%         N/A       83%         3
 Swiftness                Air            0%         N/A       83%         3
 Teleport Other           Tloc           0%         N/A       83%         3
 Iskenderun's Mystic Bla  Conj/Tloc      0%         2d3       99%         4
 Leda's Liquefaction      Hex/Erth       0%         N/A       99%         4
 Olgreb's Toxic Radiance  Pois           0%         N/A       99%         4
 Dispersal                Tloc           0%         N/A       100%        6
 Invisibility             Hex            0%         N/A       100%        6
 Starburst                Conj/Fire      0%         6d3       100%        6
 Summon Hydra             Summ           0%         N/A       100%        7


Dungeon Overview and Level Annotations

Branches:
Dungeon (11/15)            Temple (0/1) D:7             Orc (0/2) D:10
  Sewer (visited)          Bailey (visited)
   Lair: D:8-11

Altars:
Ashenzari
Cheibriados
Dithmenos
Fedhas
Kikubaaqudgha
Makhleb
Qazlal
Sif Muna
Uskayaw
Wu Jian
Xom
The Shining One

Shops:
D:7 =   D:10 [   D:11 **

Annotations:
D:9 exclusion: 2 downstairs


Innate Abilities, Weirdness & Mutations

((You are quick and stealthy near water. (Stealth+, EV+, Speed+++)))
Your lower body shifts to a powerful aquatic tail in water.


Message History

Okay, then.
You slice the ettin!! You freeze the ettin.
The ettin is moderately wounded.
You hit the ettin but do no damage.
The ettin is moderately wounded.
You block the ettin's attack. The ettin misses you.
The golden flame engulfs you but does no damage.
You resist.
The golden flame engulfs the ettin!
The ettin is heavily wounded.
The golden flame engulfs the ettin.
The ettin is lightly wounded.
The ettin completely misses you. You block the ettin's attack.
You slash the ettin! You freeze the ettin.
The ettin is severely wounded.
The ettin hits you with a +0 dire flail!
You block the ettin's attack.
You hit the ettin but do no damage.
The ettin is severely wounded.
The ettin closely misses you. The ettin misses you.
You hit the ettin. You freeze the ettin.
The ettin is severely wounded.
The ettin misses you.
The ettin hits you with a +0 dire flail!!!
You slash the ettin! You freeze the ettin.
The ettin is almost dead.
You block the ettin's attack. The ettin misses you.
You slice the ettin!! You freeze the ettin.
You kill the ettin!
Your lightning rod (2/4) has regained one charge.
There is an open door here.
A boulder beetle comes into view.
The boulder beetle curls into a ball and begins rolling!
You fail to use your ability.
The ettin hits you with a +0 dire flail!!
* * * LOW HITPOINT WARNING * * *
You block the ettin's attack.
As you read the scroll of teleportation, it crumbles to dust.
You feel strangely unstable.
The ettin hits you with a +0 dire flail!
You die...

#....#.#..# # #..l #.#..# #
.'.. #z#..####### #
#.######.#........## #
#........#.###.....## ##
..#######l##.##.....>.# #.
.............##.......####.
........#######.......##8..
..####..lC@.B○°°.....###...
##########.......##..<
#.......##... #.......##8..
###......###### #...#...##
#...##### ##
##......######.
#........<.....


You could see a boulder beetle (rolling), an ettin and a basilisk.

Vanquished Creatures
  An ettin (D:11)
  Josephine (D:10)
  Erica (D:11)
  A hydra (D:11)
  A two-headed ogre (D:9)
  An orc knight (D:10)
  2 ugly things (D:11)
  Maurice (D:10)
  A gargoyle (D:11)
  An unseen horror (D:11)
  Psyche (D:8)
  A kobold demonologist (D:9)
  3 komodo dragons
  Grinder (D:3)
  10 yaks
  A vampire (D:10)
  4 wraiths (D:10)
  A wyvern (D:7)
  Grum (D:8)
  6 vampire mosquitoes (D:10)
  An acid dragon (D:10)
  2 water moccasins (D:7)
  A black bear (D:6)
  3 orc warriors
  3 ice beasts
  An ogre (D:4)
  A necrophage (D:4)
  2 wolves (D:8)
  3 centaurs
  2 phantoms
  3 bullfrogs
  3 kobold brigands
  8 gnoll sergeants (Bailey)
  3 scorpions
  A water moccasin zombie (D:5)
  3 killer bees (D:11)
  7 wights
  3 howler monkeys
  2 lava snakes (D:11)
  A bullfrog zombie (D:5)
  5 centaur zombies
  6 hounds
  6 orc priests
  Crazy Yiuf (D:6)
  6 gnoll shamans (Bailey)
  2 centaur skeletons
  Jessica (D:2)
  2 iguanas
  10 orc wizards
  A killer bee zombie (D:8)
  A mummy (D:9)
  A howler monkey zombie (D:9)
  Robin (D:1)
  21 gnolls
  9 adders
  A shadow imp (D:8)
  A white imp (D:7)
  2 dart slugs (D:1)
  4 worms
  52 orcs
  10 ball pythons
  7 bats
  9 endoplasms
  8 giant cockroaches
  21 goblins
  10 hobgoblins
  7 jackals
  20 kobolds
  11 quokkas
  10 frilled lizards
  8 rats
347 creatures vanquished.

Vanquished Creatures (others)
  2 orcs
  4 fungi (D:6)
  29 plants (D:11)
35 creatures vanquished.

Grand Total: 382 creatures vanquished

Notes
Turn   | Place    | Note
-------+----------+-------------------------------------------
     0 | D:1      | raph the Merfolk Gladiator began the quest for the Orb.
     0 | D:1      | Reached XP level 1. HP: 16/16 MP: 1/1
   130 | D:1      | Reached skill level 5 in Polearms
   153 | D:1      | Reached XP level 2. HP: 22/22 MP: 2/2
   389 | D:1      | Reached skill level 6 in Polearms
   389 | D:1      | Reached XP level 3. HP: 27/27 MP: 3/3
   780 | D:2      | Noticed Jessica
   800 | D:2      | Killed Jessica
   801 | D:2      | Reached skill level 7 in Polearms
   801 | D:2      | Reached XP level 4. HP: 33/33 MP: 4/4
  1182 | D:2      | Noticed Robin
  1908 | D:1      | Killed Robin
  2146 | D:2      | Reached skill level 8 in Polearms
  2146 | D:2      | Reached XP level 5. HP: 24/38 MP: 5/5
  3108 | D:3      | Found a glowing golden altar of the Shining One.
  3171 | D:3      | Noticed Grinder
  3173 | D:3      | Paralysed by Grinder for 5 turns
  3195 | D:3      | Paralysed by Grinder for 7 turns
  3205 | D:3      | Paralysed by Grinder for 4 turns
  3236 | D:4      | Noticed a necrophage
  3258 | D:5      | Entered Level 5 of the Dungeon
  3503 | D:4      | Killed a necrophage
  3504 | D:4      | Reached skill level 9 in Polearms
  3504 | D:4      | Reached XP level 6. HP: 36/44 MP: 6/6
  3601 | D:4      | Found a glowing drain.
  3644 | Sewer    | Entered a sewer
  3863 | Sewer    | Reached skill level 10 in Polearms
  4132 | D:3      | Became a worshipper of the Shining One
  4180 | D:3      | Found an ornate altar of the Wu Jian Council.
  4324 | D:3      | Paralysed by Grinder for 5 turns
  4337 | D:3      | Paralysed by Grinder for 5 turns
  4346 | D:3      | HP: 1/44 [Grinder (5)]
  4347 | D:3      | Killed Grinder
  4348 | D:3      | Reached skill level 11 in Polearms
  4348 | D:3      | Reached XP level 7. HP: 2/50 MP: 7/7
  4881 | D:3      | Reached skill level 12 in Polearms
  5278 | D:3      | Reached * piety under the Shining One
  5615 | D:3      | Found a faded altar of an unknown god.
  5615 | D:3      | Noticed a sixfirhy
  5728 | D:4      | Reached XP level 8. HP: 52/56 MP: 8/8
  5769 | D:4      | Reached skill level 13 in Polearms
  6739 | D:5      | Reached ** piety under the Shining One
  6909 | D:5      | Reached skill level 14 in Polearms
  7029 | D:5      | Reached skill level 1 in Invocations
  7125 | D:5      | Reached skill level 1 in Armour
  7347 | D:5      | Found a shimmering blue altar of Sif Muna.
  7779 | D:5      | Reached skill level 5 in Dodging
  8279 | D:6      | Reached XP level 9. HP: 59/64 MP: 10/10
  8351 | D:6      | Found a hide-covered altar of Uskayaw.
  9636 | D:6      | Found a runed translucent door.
  9637 | D:6      | Noticed Crazy Yiuf
  9643 | D:6      | Killed Crazy Yiuf
  9812 | D:7      | Found a burning altar of Makhleb.
  9871 | D:7      | Found a flagged portal.
  9903 | Bailey   | Entered a bailey
 10391 | Bailey   | Reached *** piety under the Shining One
 10993 | Bailey   | Reached skill level 5 in Fighting
 11199 | Bailey   | Reached XP level 10. HP: 74/74 MP: 13/13
 11604 | Bailey   | Got the Compendium of the Congealing Birds
 11700 | D:7      | Found a staircase to the Ecumenical Temple.
 11824 | D:7      | Reached **** piety under the Shining One
 11963 | D:7      | Found Bahaunuzo's Jewellery Shoppe.
 11968 | D:7      | Bought a +4 ring of evasion for 540 gold pieces
 11996 | D:7      | Identified a scroll of acquirement
 11996 | D:7      | Acquired a manual of Stealth
 12055 | D:7      | Reached skill level 1 in Stealth
 12191 | D:7      | Found a broken altar of Ashenzari.
 12555 | D:7      | Found an ancient bone altar of Kikubaaqudgha.
 12555 | D:7      | Found a shimmering altar of Xom.
 12588 | D:8      | Noticed Psyche
 12596 | D:8      | Killed Psyche
 12597 | D:8      | Reached skill level 5 in Invocations
 12737 | D:8      | Reached skill level 15 in Polearms
 13008 | D:8      | Noticed Grum
 13023 | D:8      | Killed Grum
 13442 | D:9      | Found a shadowy altar of Dithmenos.
 13588 | D:9      | Found a blossoming altar of Fedhas.
 13728 | D:9      | Noticed a two-headed ogre
 13739 | D:9      | Killed a two-headed ogre
 13849 | D:9      | Noticed a kobold demonologist
 13858 | D:9      | Reached skill level 5 in Stealth
 13867 | D:9      | Noticed a rust devil
 13871 | D:9      | Noticed an orange demon
 13880 | D:9      | Killed a kobold demonologist
 13881 | D:9      | Reached XP level 11. HP: 58/83 MP: 15/15
 14228 | D:9      | Found a snail-covered altar of Cheibriados.
 14332 | D:10     | Entered Level 10 of the Dungeon
 14370 | D:10     | Reached ***** piety under the Shining One
 14418 | D:9      | Reached skill level 16 in Polearms
 14679 | D:10     | Found a staircase to the Orcish Mines.
 14683 | D:10     | Noticed an orc knight
 14700 | D:10     | Killed an orc knight
 14976 | D:10     | Found a stormy altar of Qazlal.
 14993 | D:10     | Noticed Josephine
 15001 | D:10     | Noticed Maurice
 15334 | D:10     | Killed Maurice
 15689 | D:10     | Found Luthiuco's Antique Armour Shop.
 15695 | D:10     | Bought a pair of embroidered gloves for 232 gold pieces
 15775 | D:10     | Killed Josephine
 15800 | D:11     | Noticed a seven-headed hydra
 15804 | D:11     | Noticed a red ugly thing
 15814 | D:10     | The Shining One protects you from harm!
 16208 | D:11     | Noticed a six-headed hydra
 16208 | D:11     | Found Anlaut's General Store.
 16213 | D:11     | Killed a six-headed hydra
 16621 | D:11     | Noticed Erica
 16632 | D:11     | Killed Erica
 16633 | D:11     | Reached skill level 17 in Polearms
 16633 | D:11     | Reached XP level 12. HP: 85/92 MP: 17/17
 17212 | D:11     | Reached skill level 10 in Dodging
 17289 | D:11     | Found Cuawih's Assorted Antiques.
 17409 | D:11     | Bought a wand of iceblast (10) for 252 gold pieces
 17717 | D:11     | Noticed an ettin
 17717 | D:11     | Noticed an ettin
 17730 | D:11     | Killed an ettin
 17736 | D:11     | Noticed a boulder beetle
 17739 | D:11     | Slain by an ettin

Illustrated notes

Levels and vault maps discovered:
D:1:      dpeg_arrival_snail, layout_loops_ring, minmay_tiny_reverse_x
D:2:      kennysheep_six_static_rooms, layout_basic, uniq_robin, uniq_jessica
D:3:      minmay_wonky_spiral, layout_basic, mainiacjoe_overflow_alcove_4,
          mainiacjoe_overflow_small_starburst,
          dreamdust_ecumenical_altar_sealed_demon, serial_co_window_serial,
          co_window_corner_a, co_window_corner_a, co_window_corner_a,
          co_window_cross_1, co_window_corner_a, co_window_unsneaky_path_a,
          co_window_corner_cb, co_window_corner_ca, co_window_of_opportunity_b,
          co_window_unsneaky_path_a, glass_columns_a, glass_columns_a,
          glass_columns_b, uniq_grinder
D:4:      layout_loops_ring, gup_sewer_entry_pipe
D:5:      layout_basic, kennysheep_mini_moat
D:6:      layout_gridville, nicolae_overflow_crystal_walls, grunt_ministairs_13,
          chequers_serial_rivers_small_b, minmay_misc_feat_four_crosses,
          uniq_crazy_yiuf_cottage
D:7:      layout_loops_ring, ashenzari_conservatory_becter,
          mainiacjoe_overflow_tiny_flanked, nicolae_overflow_hidden_temple,
          minmay_temple_entry_antechambers, enter_bailey_4, serial_shops, shop
D:8:      layout_rooms, hangedman_glass_teeth, lemuel_flamethrower_1, uniq_grum,
          uniq_psyche
D:9:      layout_stronghold, nicolae_dithmenos_the_darkroom, fedhas_altar_2,
          slow_altar_2
D:10:     layout_long_grid, kennysheep_little_box, orc_david_3, serial_shops,
          shop_fountains, minmay_holes, uniq_josephine, uniq_maurice
D:11:     layout_rooms, david_lair_shrubbed, serial_shops, shop,
          minivault_25_ag, nicolae_stop_n_shop_1, minivault_4, kennysheep_dice,
          uniq_erica

Skill      XL: |  1  2  3  4  5  6  7  8  9 10 11 12 |
---------------+-------------------------------------+-----
Polearms       | 5 6 7 8 9 11 12 14 15 17 | 17.5
Invocations    | 2 4 6 7 |  7.8
Armour         | 1 3 |  3.6
Fighting       | 3 5 6 7 8 |  8.2
Dodging        | 5 6 8 9 10 | 10.3
Throwing       | 3 |  3.6
Stealth        | 5 8 9 |  9.4

Action                   |  1- 3 |  4- 6 |  7- 9 | 10-12 || total
-------------------------+-------+-------+-------+-------++-------
Melee: Trident           |    67 |   330 |   260 |       ||   657
       Tailslap          |       |     6 |       |       ||     6
       Halberd           |       |       |   142 |       ||   142
       Glaive            |       |       |    30 |   382 ||   412
Throw: Dart              |     3 |     5 |   115 |    62 ||   185
       Throwing net      |       |     3 |       |       ||     3
Invok: Divine Shield     |       |       |       |     4 ||     4
       Cleansing Flame   |       |       |       |     2 ||     2
Evoke: Lightning rod     |       |       |       |     4 ||     4
  Use: Scroll            |       |     6 |     4 |    11 ||    21
       Potion            |       |     1 |       |     1 ||     2
 Stab: Sleeping          |     2 |     2 |       |       ||     4
Armor: Leather armour    |     4 |    60 |    71 |    66 ||   201
Dodge: Dodged            |    32 |   175 |   182 |   341 ||   730
Block: Other             |       |       |       |    32 ||    32
